 Dungeon Crawl Stone Soup version 0.29.1-15-g9cfb28693d (webtiles) character file.

Game seed: 2445672464749164394

63 growler the Insei (level 4, -5/32 HPs)
             Began as a Merfolk Transmuter on Apr 26, 2023.
             Killed by nerve-wracking pain
             ... invoked by an orc priest
              (12 damage)
             ... on level 2 of the Dungeon.
             The game lasted 00:03:24 (2181 turns).

growler the Insei (Merfolk Transmuter)              Turns: 2181, Time: 00:03:24

Health: -5/32      AC:  2    Str: 10    XL:     4   Next: 9%
Magic:  8/8        EV: 12    Int: 14    God:
Gold:   140        SH:  0    Dex: 14    Spells: 2/8 levels left

rFire   . . .      SeeInvis +     - Unarmed
rCold   . . .      Faith    .   (no shield)
rNeg    . . .      Spirit   .   a - +0 robe
rPois   .          Reflect  .   (helmet currently unavailable)
rElec   .          Harm     .   (no cloak)
rCorr   .          Rampage  .   (no gloves)
Will    .....                   (boots currently unavailable)
Stlth   +.........              (no amulet)
HPRegen 0.10/turn               d - ring of see invisible
MPRegen 0.11/turn               (no ring)

@: appendages (expiring)
A: horns 2, (nimble swimmer 2), mertail
a: End Transformation


You were on level 2 of the Dungeon.
You had temporarily grown beastly horns.
You visited 1 branch of the dungeon, and saw 2 of its levels.

You collected 140 gold pieces.

Inventory:

Armour
 a - a +0 robe (worn)
Jewellery
 d - a ring of see invisible (left hand)
Scrolls
 c - a scroll of immolation {unknown}
 e - 3 scrolls of identify {unknown}
 f - a scroll of poison {unknown}
 h - a scroll of noise {unknown}
 j - a scroll of enchant armour {unknown}
 k - a scroll of teleportation {unknown}
Potions
 b - 2 potions of lignification
 g - a potion of heal wounds {unknown}
 i - a potion of mutation {unknown}


   Skills:
 - Level 1.1 Fighting
 - Level 2.6 Dodging
 + Level 4.1 Unarmed Combat
 + Level 2.8 Spellcasting
 + Level 3.8 Transmutations


You had 2 spell levels left.
You knew the following spells:

 Your Spells              Type           Power      Damage    Failure   Level
a - Beastly Appendage     Tmut           24%        N/A       4%          1
b - Wereblood             Tmut           12%        N/A       7%          2
c - Spider Form           Tmut/Pois      7%         N/A       30%         3

Your spell library contained the following spells:

 Spells                   Type           Power      Damage    Failure   Level
 Passwall                 Tmut/Erth      5%         N/A       16%         2
 Ensorcelled Hibernation  Hex/Ice        2%         N/A       32%         2
 Ignite Poison            Fire/Tmut/Pois 5%         N/A       36%         3
 Conjure Flame            Conj/Fire      1%         6-21      54%         3
 Swiftness                Air            1%         N/A       54%         3
 Ice Form                 Ice/Tmut       7%         N/A       69%         4
 Sticky Flame             Conj/Fire      1%         2d3       91%         4


Dungeon Overview and Level Annotations

Branches:
Dungeon (2/15)

Altars:


Innate Abilities, Weirdness & Mutations

You have temporarily grown beastly horns.
((You are very nimble when in or above water. (Stealth+, EV+, Speed+++)))
Your lower body shifts to a powerful aquatic tail in water.


Message History

You kill the worm!
No target in view!
No target in view!
Your horns disappear.
A frilled lizard comes into view.
The frilled lizard hisses angrily.
You grow a pair of large bovine horns.
You closely miss the frilled lizard. Your punch misses the frilled lizard.
The frilled lizard bites you.
You miss the frilled lizard.
The frilled lizard bites you but does no damage.
You closely miss the frilled lizard. You headbutt the frilled lizard.
You kill the frilled lizard!
No target in view!
No target in view!
Your transformation is almost over.
Your horns disappear.
You see here a frilled lizard corpse.
A kobold and an orc come into view.
Found a potion of lignification.
You grow a pair of large bovine horns.
The kobold shouts!
An orc priest comes into view. It is wielding a +0 hand axe.
An orc comes into view. It is wielding a +0 hand axe.
An orc comes into view.
It is wielding a +0 trident of freezing.
A dart slug comes into view.
An orc comes into view. It is wielding a +0 hand axe.
Your transformation is almost over.
The orc shouts! x2
The orc hits you with a +0 hand axe.
The orc priest invokes the aid of Beogh against you.
Beogh smites you!
You hear a shout!
The orc attacks as you move away! The orc hits you with a +0 hand axe.
You barely miss the orc. The orc hits you with a +0 hand axe.
The orc attacks as you move away! The orc hits you with a +0 hand axe.
* * * LOW HITPOINT WARNING * * *
The orc priest calls down the wrath of Beogh upon you.
Pain shoots through your body!
You die...

#....##.#..............##.##
######.###.#.....#...........##
#.......##.#####....##.########
#.......##.......#.............
#..........####..#...#.########
#.......##.####..#...#... ..#
##########...#...#.#.########.#
#####.†o#.#..........#.#
#.......>@#K#.#.######.#.#
#.########o.#.#.######.#.#
#....o.#....>.......#
#....o.#.............
#...!..#............#
#......#.#.####......
#......#.#.....##.#.#
..w.##.##.#####.##.#.# .##o #.
#.#...#.##.#..


You could see an orc priest and 3 orcs.

Vanquished Creatures
  3 adders (D:2)
  A worm (D:2)
  A dart slug (D:1)
  2 bats
  2 endoplasms
  A giant cockroach (D:2)
  3 goblins
  4 hobgoblins (D:1)
  3 kobolds (D:1)
  4 ball pythons
  2 frilled lizards
  5 rats
31 creatures vanquished.

Notes
Turn   | Place    | Note
-------+----------+-------------------------------------------
     0 | D:1      | growler the Merfolk Transmuter began the quest for the Orb.
     0 | D:1      | Reached XP level 1. HP: 15/15 MP: 3/3
   344 | D:1      | Reached XP level 2. HP: 19/21 MP: 5/5
   727 | D:1      | Found a faded altar of an unknown god.
   746 | D:1      | Learned a level 2 spell: Wereblood
  1194 | D:2      | Reached XP level 3. HP: 24/26 MP: 6/6
  1198 | D:2      | Learned a level 3 spell: Spider Form
  1585 | D:2      | Reached skill level 4 in Unarmed Combat
  1628 | D:2      | Reached XP level 4. HP: 4/32 MP: 6/8
  2181 | D:2      | Killed from afar by an orc priest

Illustrated notes

Levels and vault maps discovered:
D:1:      elethiomel_arrival_quiet, layout_basic,
          ebering_ecumenical_altar_abandoned
D:2:      layout_basic

Skill      XL: |  1  2  3 |
---------------+----------+-----
Transmutations | 3 |  3.8
Unarmed Combat | 4 |  4.1
Fighting       | |  1.1
Dodging        | |  2.6
Spellcasting   | |  2.8

Action                   |  1- 3 |  4- 6 || total
-------------------------+-------+-------++-------
Melee: Unarmed           |    88 |    15 ||   103
       Headbutt          |     8 |     4 ||    12
       Punch             |     1 |       ||     1
 Cast: Beastly Appendage |    10 |     4 ||    14
       Wereblood         |     1 |       ||     1
  Use: Potion            |     1 |       ||     1
Armor: Robe              |    13 |     1 ||    14
Dodge: Dodged            |    49 |     5 ||    54
